 Dungeon Crawl Stone Soup version 0.17-a0-849-g0c87caa (webtiles) character file.

74 FedoraBrony69 the Magician (level 4, -1/24 HPs)
             Began as a Deep Elf Necromancer on Apr 27, 2015.
             Was an Initiate of Kikubaaqudgha.
             Slain by an orc priest
             ... wielding a +0 club
              (5 damage)
             ... on level 3 of the Dungeon.
             The game lasted 00:06:52 (1508 turns).

FedoraBrony69 the Magician (Deep Elf Necromancer)   Turns: 1508, Time: 00:06:52

Health: -1/24      AC:  2    Str:  5    XL:     4   Next: 10%
Magic:  9/14       EV: 13    Int: 21    God:    Kikubaaqudgha [......]
Gold:   97         SH:  0    Dex: 15    Spells: 3 memorised, 10 levels left

rFire  . . .     SeeInvis .     m - +0 spear
rCold  . . .     Clarity  .     a - +0 robe
rNeg   . . .     SustAb   .     (no shield)
rPois  .         Gourm    .     (no helmet)
rElec  .         Spirit   .     (no cloak)
rCorr  .         Warding  .     (no gloves)
rMut   .         Stasis   .     (no boots)
MR     .....                    (no amulet)
Stlth  ++........               (no ring)
                                (no ring)

@: not resistant to hostile enchantments, unstealthy
A: no striking features
a: Renounce Religion


You were on level 3 of the Dungeon.
You worshipped Kikubaaqudgha.
Kikubaaqudgha was noncommittal.
You were not hungry.

You visited 1 branch of the dungeon, and saw 3 of its levels.

You collected 97 gold pieces.

Inventory:

Hand weapons
 e - a +0 dagger
 l - a +0 short sword
 m - a +0 spear (weapon)
Missiles
 d - 6 tomahawks (quivered)
 i - 6 poisoned javelins
Armour
 a - a +0 robe (worn)
Scrolls
 f - a scroll of remove curse {unknown}
 j - 3 scrolls of recharging {unknown}
 k - 2 scrolls of identify {unknown}
Potions
 g - a potion of haste {unknown}
 n - a potion of might {unknown}
 o - a potion of cancellation {unknown}
 q - a potion of poison {unknown}
 r - a potion of curing {unknown}
 s - a potion of degeneration {unknown}
Books
 b - a book of Necromancy

   Spells                             Type                      Level
   a - Pain                           Necromancy                   1
   b - Animate Skeleton               Necromancy                   1
   c - Vampiric Draining              Necromancy                   3
   d - Regeneration                   Charms/Necromancy            3
   e - Animate Dead                   Necromancy                   4
   f - Control Undead                 Necromancy                   4
Comestibles
 c - a bread ration
 h - a slice of pizza


   Skills:
 - Level 2.4 Dodging
 - Level 2.4 Stealth
 * Level 6.0 Spellcasting
 - Level 4.8 Necromancy


You had 10 spell levels left.
You knew the following spells:

 Your Spells              Type           Power        Failure   Level  Hunger
a - Pain                  Necr           ####         1%          1    None
b - Regeneration          Chrm/Necr      ###.......   14%         3    ##.....
c - Animate Skeleton      Necr           N/A          1%          1    None


Dungeon Overview and Level Annotations

Branches:
Dungeon (3/15)

Altars:
Kikubaaqudgha
The Shining One


Message History

Press: ? - help, Shift-Dir - straight line, f/p - orc priest
Aim: an orc priest, wielding a club and wearing a chain mail (moderately wounded, chance 84%)
The orc priest convulses in agony!
The orc priest mumbles some strange prayers to Beogh against you.
Pain shoots through your body!
* * * LOW HITPOINT WARNING * * *
Casting: Pain
Confirm with . or Enter, or press ? or * to list all spells.
Aiming: Pain
Press: ? - help, Shift-Dir - straight line, f/p - orc priest
Aim: an orc priest, wielding a club and wearing a chain mail (almost dead, chance 84%)
The orc priest barely resists.
Casting: Pain
Confirm with . or Enter, or press ? or * to list all spells.
Aiming: Pain
Press: ? - help, Shift-Dir - straight line, f/p - orc priest
Aim: an orc priest, wielding a club and wearing a chain mail (severely wounded, chance 84%)
The orc priest convulses in agony!
The orc priest hits you with a club.
You die...
Kikubaaqudgha rasps: "You have failed me!
Welcome... death!"

.. .. #. .# #.
.# # #.
.###.## #.
.#..o(.
#.#....###
####........<.
#....[###'###
+.....@o....#
#.....#.....#
#....<#.....#
#.....#.....#
#.....#.)...#
#.....#.....#
#.....#.....+
#.....#.....#
#######...


You could see an orc priest.

Vanquished Creatures
  Ijyb (D:2)
  A gnoll (D:1)
  A worm (D:2)
  3 giant geckos
  A giant cockroach (D:2)
  2 hobgoblins (D:1)
  5 bats
  A giant newt (D:2)
  5 goblins
  11 kobolds
  5 rats
36 creatures vanquished.

Vanquished Creatures (collateral kills)
  A kobold (D:2)
1 creature vanquished.

Grand Total: 37 creatures vanquished

Notes
Turn   | Place    | Note
--------------------------------------------------------------
     0 | D:1      | FedoraBrony69, the Deep Elf Necromancer, began the quest for the Orb.
     0 | D:1      | Reached XP level 1. HP: 10/10 MP: 6/6
   224 | D:1      | Reached XP level 2. HP: 12/15 MP: 8/8
   805 | D:2      | Reached XP level 3. HP: 17/19 MP: 8/11
   810 | D:2      | Learned a level 3 spell: Regeneration
   812 | D:2      | Learned a level 1 spell: Animate Skeleton
   822 | D:2      | Noticed Ijyb
   934 | D:2      | Killed Ijyb
   934 | D:2      | Reached skill level 5 in Spellcasting
  1081 | D:2      | Found an ancient bone altar of Kikubaaqudgha.
  1091 | D:2      | Became a worshipper of Kikubaaqudgha
  1170 | D:2      | Reached XP level 4. HP: 15/24 MP: 5/13
  1261 | D:2      | Reached skill level 6 in Spellcasting
  1383 | D:2      | Found a glowing golden altar of the Shining One.
  1508 | D:3      | Slain by an orc priest

Action                   |  1- 3 |  4- 6 || total
-------------------------+-------+-------++-------
Melee: Spear             |     5 |       ||     5
Throw: Tomahawk          |    28 |     1 ||    29
       Javelin           |     3 |       ||     3
 Cast: Pain              |    45 |    11 ||    56
       Animate Skeleton  |     7 |     2 ||     9
       Regeneration      |     2 |       ||     2
  Eat: Chunk             |     1 |     1 ||     2
